[Event "Titled Tuesday Blitz February 21 Late 2023"]
[White "Buganca, Luiz Henrique Da Silva"]
[Black "Thomforde-Toates, Noah"]
[WhiteFideId "2182289"]
[BlackFideId "30951992"]
[WhiteElo "1920"]
[BlackElo "2124"]
[Result "1-0"]
[Round "01"]
[TimeControl "180+2"]
[Date "2023.02.21"]
[WhiteClock "0:00:28"]
[BlackClock "0:00:21"]

1. d4 Nf6 2. c4 g6 3. Nf3 Bg7 4. g3 O-O 5. Bg2 d6 6. O-O Nc6 7. d5 Nb8 8. Nc3 c6 9. Nd4 c5 10. Nc2 Na6 11. Bg5 Nc7 12. e4 a6 13. Qe2 b5 14. cxb5 Nxb5 15. Nxb5 axb5 16. Rfe1 b4 17. Ne3 Ba6 18. Nc4 Nd7 19. Rab1 Ne5 20. b3 Bxc4 21. bxc4 Ra3 22. Rb3 h6 23. Rxa3 bxa3 24. Bc1 Qa5 25. Bd2 Qa4 26. Bf1 Rb8 27. Bc3 Nd7 28. Bxg7 Kxg7 29. Qd3 Ne5 30. Qc3 Qb4 31. Re3 Kh7 32. h3 Qb1 33. f4 Nd7 34. Qxa3 Qa1 35. Qc3 Qxa2 36. e5 Rb1 37. exd6 Qa4 38. dxe7 Qd1 39. Qd3 Qxd3 40. Rxd3 Nf6 41. d6 Rb8 42. d7 Nxd7 43. Rxd7 Re8 44. Bg2 Kg7 45. Bc6 Kf6 46. Rd6+ Kxe7 47. Bxe8 Kxd6 48. Bxf7 g5 49. fxg5 hxg5 50. h4 Ke5 51. hxg5 Kf5 52. g6 Kf6 53. Bd5 Kg7 54. Kf2 Kxg6 55. Kf3 Kg5 56. g4 Kg6 57. Kf4 Kf6 58. g5+ Kg6 59. Be4+ Kg7 60. Kf5 Kf7 61. Bd5+ Kg7 62. g6 Kh8 63. Bc6 Kg7 64. Kg5 Kh8 65. Kh6 Kg8 66. Bd5+ Kf8 67. g7+ Ke7 68. g8=Q Kf6 69. Qe6# 1-0


[Site "https://www.chess.com"]

[Event "Titled Tuesday Blitz February 21 Late 2023"]
[White "Zhurbinsky, David"]
[Black "rikchessmx"]
[WhiteFideId "2072904"]
[WhiteElo "2045"]
[BlackElo "2290"]
[Result "1-0"]
[Round "01"]
[TimeControl "180+2"]
[Date "2023.02.21"]
[WhiteClock "0:00:30"]
[BlackClock "0:02:14"]

1. e4 e5 2. Nf3 Nc6 3. Bb5 a6 4. Ba4 Nf6 5. O-O Be7 6. Re1 b5 7. Bb3 O-O 8. c3 d5 9. exd5 Nxd5 10. Nxe5 Nxe5 11. Rxe5 c6 12. d3 Bd6 13. Re1 Qh4 14. g3 Qh3 15. Re4 g5 16. Bxg5 Qf5 17. Bh6 Nf6 18. Bxf8 Kxf8 19. Rh4 Ng4 20. Qe2 Bd7 21. Nd2 Re8 22. Qf3 Qg6 23. h3 Ne5 24. Qh5 Qxd3 25. Ne4 Nf3+ 26. Kh1 Nxh4 27. Qxf7# 1-0


[Site "https://www.chess.com"]

[Event "Titled Tuesday Blitz February 21 Late 2023"]
[White "Liu, Casper"]
[Black "Feng, Eric"]
[WhiteFideId "1454153"]
[BlackFideId "30952590"]
[WhiteElo "2278"]
[BlackElo "1951"]
[Result "0-1"]
[Round "01"]
[TimeControl "180+2"]
[Date "2023.02.21"]
[WhiteClock "0:00:16"]
[BlackClock "0:00:44"]

1. d4 Nf6 2. Nf3 e6 3. Bf4 d5 4. e3 Bd6 5. Bg3 O-O 6. Bd3 c5 7. c3 Nc6 8. Nbd2 Qe7 9. Ne5 Nd7 10. f4 f5 11. Qh5 Nf6 12. Qe2 Ne4 13. Bxe4 fxe4 14. Qh5 Bd7 15. Bh4 Qe8 16. Qxe8 Bxe8 17. O-O Rc8 18. Nb3 b6 19. a4 c4 20. Nd2 Na5 21. Rfb1 Bxe5 22. fxe5 Bh5 23. Rf1 Be2 24. Rf2 Bd3 25. Be7 Rxf2 26. Kxf2 Nc6 27. Bd6 a6 28. b4 cxb3 29. Nxb3 Nd8 30. Rc1 Rc4 31. a5 b5 32. Nc5 Nc6 33. Bc7 b4 34. Nxa6 Rxc3 35. Rxc3 bxc3 36. Nc5 c2 37. Nb3 Nb4 38. Ke1 Kf7 39. Kd2 Ke8 40. Nc1 Kd7 41. Bd6 Nc6 42. Nxd3 exd3 43. a6 Kc8 44. Ba3 Kb8 45. Kxd3 c1=Q 46. Bxc1 Ka7 47. e4 dxe4+ 48. Kxe4 Ne7 49. Ba3 Nd5 50. Bf8 g6 51. Bc5+ Kxa6 52. g4 Kb5 53. Kd3 Kc6 54. Kc4 Ne3+ 55. Kd3 Nxg4 56. h4 Kd5 57. Bb6 Nf2+ 58. Ke3 Nd1+ 59. Kf4 h6 60. Bc5 Nc3 61. Bf8 Ne2+ 62. Ke3 Nxd4 63. Bxh6 Nf5+ 64. Kf4 Nxh6 65. Kg5 Nf5 66. Kxg6 Nxh4+ 67. Kg5 Nf3+ 68. Kf4 Nxe5 69. Ke3 Nc4+ 70. Kd3 e5 71. Ke2 e4 72. Kd1 Kd4 73. Ke2 e3 74. Kd1 Kd3 75. Ke1 e2 76. Kf2 Kd2 77. Kf3 e1=Q 78. Kf4 0-1


[Site "https://www.chess.com"]

[Event "Titled Tuesday Blitz February 21 Late 2023"]
[White "Ozates, Tuna"]
[Black "Romero Ruscalleda, Josep"]
[WhiteFideId "6354521"]
[BlackFideId "2231859"]
[WhiteElo "2251"]
[BlackElo "2160"]
[Result "0-1"]
[Round "01"]
[TimeControl "180+2"]
[Date "2023.02.21"]
[WhiteClock "0:00:04"]
[BlackClock "0:00:17"]

1. Nf3 g6 2. g3 Bg7 3. Bg2 e5 4. d3 d6 5. O-O f5 6. c4 Nf6 7. Nc3 Nc6 8. Rb1 a5 9. a3 O-O 10. b4 axb4 11. axb4 h6 12. b5 Ne7 13. Bb2 g5 14. Nd2 f4 15. Nde4 Nf5 16. Nxf6+ Bxf6 17. Nd5 Bg7 18. Ba1 Be6 19. b6 cxb6 20. Nxb6 Rb8 21. Nd5 Kh7 22. Rb5 Bd7 23. Rb6 Bc6 24. Qb3 Nd4 25. Bxd4 exd4 26. Be4+ Kh8 27. Rb1 fxg3 28. hxg3 Be5 29. Kg2 Qe8 30. Rh1 Kg7 31. Nc7 Qf7 32. Ne6+ Qxe6 33. Bxc6 Bxg3 34. Kxg3 Qxe2 35. Rxb7+ Rxb7 36. Qxb7+ Rf7 37. Bf3 Qe5+ 38. Kg2 Rxb7 39. Bxb7 g4 40. Be4 h5 41. Rb1 Kf6 42. Rb8 h4 43. Rh8 h3+ 44. Kg1 Qg5 45. Rf8+ Ke7 46. Rf5 Qd2 47. Kh2 Qe1 48. Rf4 Qf1 49. Rf5 Qc1 50. Bd5 Qd2 51. Be4 Kd7 52. Rf6 Kc7 53. Rf5 Kb6 54. Rf6 Kc5 55. Rf5+ Kb4 56. Kg3 Qe1 57. Rh5 Qg1+ 58. Kf4 Qxf2+ 59. Kxg4 h2 60. Rh8 Qg1+ 61. Kf5 Kc3 62. Ke6 Qg4+ 63. Kd5 Qg5+ 64. Kc6 d5 65. cxd5 Qf6+ 66. d6 Qxh8 67. d7 h1=Q 68. Bxh1 Qxh1+ 69. Kc7 Qd5 0-1


[Site "https://www.chess.com"]

[Event "Titled Tuesday Blitz February 21 Late 2023"]
[White "Prieto Aranguren, Alain"]
[Black "Zarnicki, Pablo"]
[WhiteFideId "2268906"]
[BlackFideId "100137"]
[WhiteElo "2258"]
[BlackElo "2514"]
[Result "0-1"]
[Round "01"]
[TimeControl "180+2"]
[Date "2023.02.21"]
[WhiteClock "0:00:37"]
[BlackClock "0:00:07"]

1. e4 e5 2. Ne2 Nf6 3. Ng3 Nc6 4. Nc3 g6 5. Bb5 Bg7 6. Bxc6 bxc6 7. O-O O-O 8. Re1 d6 9. d3 h6 10. Be3 d5 11. Bd2 Rb8 12. b3 Nh7 13. Qc1 f5 14. Bxh6 f4 15. Bxg7 Kxg7 16. Nf1 d4 17. Na4 Qh4 18. f3 g5 19. h3 Nf6 20. Nh2 Rh8 21. Re2 Bxh3 22. gxh3 Qxh3 23. Rg2 Kf7 24. c3 g4 25. cxd4 gxf3 26. Qc4+ Kf8 27. Nxf3 Qxf3 28. Qe6 Qe3+ 29. Rf2 Rh6 30. dxe5 Rg6+ 31. Kf1 Ng4 32. Qf5+ Kg7 33. Qxf4 Qxf2+ 34. Qxf2 Nxf2 35. Kxf2 Rf8+ 36. Ke3 Rg3+ 37. Kd4 Rd8+ 38. Kc4 Rgxd3 39. Rg1+ Kf7 40. Rf1+ Ke7 41. Kc5 Rd2 42. Kxc6 Rc2+ 43. Kb7 c5 44. Kxa7 c4 45. bxc4 Rxa2 46. Kb6 Rxa4 47. c5 Raa8 48. c6 Rab8+ 49. Kc5 Rbc8 50. Rh1 Rd2 51. Rh7+ Ke6 52. Rh6+ Kxe5 53. Rh5+ Kxe4 54. Rh7 Rc2+ 55. Kb4 R2xc6 0-1


[Site "https://www.chess.com"]

[Event "Titled Tuesday Blitz February 21 Late 2023"]
[White "Goroshkov, Maksym"]
[Black "Gamage, Wanshini Vidusama"]
[WhiteFideId "14142716"]
[BlackFideId "9953752"]
[WhiteElo "2287"]
[BlackElo "1089"]
[Result "1-0"]
[Round "01"]
[TimeControl "180+2"]
[Date "2023.02.21"]
[WhiteClock "0:01:20"]
[BlackClock "0:00:02"]

1. e4 c5 2. d4 cxd4 3. c3 Nf6 4. e5 Nd5 5. Bc4 Nb6 6. Bb3 d5 7. exd6 Qxd6 8. cxd4 Be6 9. Nf3 Bxb3 10. Qxb3 e6 11. O-O Be7 12. Nc3 Nc6 13. Be3 O-O 14. Rad1 Qb4 15. Qc2 Nc4 16. b3 Nxe3 17. fxe3 Rac8 18. Qb2 Nxd4 19. Rxd4 Qxc3 20. Qxc3 Rxc3 21. Rd7 Bc5 22. Rxb7 Bxe3+ 23. Kh1 Rfc8 24. h3 R3c7 25. Rxc7 Rxc7 26. Rd1 f6 27. Re1 Rc1 28. Rxc1 Bxc1 29. Nd4 Kf7 30. Nc6 Be3 31. g4 e5 32. Kg2 Ke6 33. Kf3 Bb6 34. a4 a5 35. b4 axb4 36. Nxb4 g6 37. Nc6 Kd7 38. Nb4 Kd6 39. Ke4 Bc5 40. Nd3 Bb6 41. Nb4 Ke6 42. Nc6 f5+ 43. Kf3 e4+ 44. Kf4 Bc7+ 45. Ke3 h6 46. a5 Kd7 47. gxf5 gxf5 48. Nd4 Bxa5 49. Nxf5 Ke6 50. Kxe4 h5 51. Ng7+ Kf6 52. Nxh5+ 1-0


[Site "https://www.chess.com"]

[Event "Titled Tuesday Blitz February 21 Late 2023"]
[White "Stachanczyk, Jacek"]
[Black "Poliakova, Varvara"]
[WhiteFideId "1116657"]
[BlackFideId "13518313"]
[WhiteElo "2147"]
[BlackElo "2010"]
[Result "0-1"]
[Round "01"]
[TimeControl "180+2"]
[Date "2023.02.21"]
[WhiteClock "0:00:04"]
[BlackClock "0:01:01"]

1. e4 e5 2. Nf3 Nc6 3. Bb5 a6 4. Ba4 Nf6 5. O-O Be7 6. Re1 b5 7. Bb3 d6 8. c3 O-O 9. h3 Bb7 10. d4 h6 11. Nbd2 Re8 12. a4 Bf8 13. Bc2 exd4 14. cxd4 Nb4 15. Bb1 c5 16. d5 Nd7 17. Ra3 Qf6 18. Rae3 c4 19. Nh2 Nc5 20. Ndf3 Ncd3 21. Ng4 Qd8 22. Nd4 Nxe1 23. Qxe1 Qb6 24. Qxb4 Qxd4 25. Bc2 f5 26. exf5 Qxd5 27. Rg3 Kh8 28. f6 a5 29. Qd2 Qxd2 30. Bxd2 Re2 31. Bc3 Rxc2 32. fxg7+ Bxg7 33. Bxg7+ Kxg7 34. Ne3+ Kf6 35. Nxc2 b4 36. Rg4 d5 37. h4 Re8 38. h5 Re2 39. Nd4 Rxb2 40. f4 c3 41. Rg6+ Kf7 42. f5 c2 0-1


[Site "https://www.chess.com"]

[Event "Titled Tuesday Blitz February 21 Late 2023"]
[White "Ladopoulos, Dimitrios"]
[Black "Lorenzo De La Riva, Lazaro"]
[WhiteFideId "4239580"]
[BlackFideId "2268809"]
[WhiteElo "2391"]
[BlackElo "2404"]
[Result "1-0"]
[Round "01"]
[TimeControl "180+2"]
[Date "2023.02.21"]
[WhiteClock "0:00:07"]
[BlackClock "0:00:14"]

1. d4 Nf6 2. Nf3 d6 3. c4 g6 4. g3 Bg7 5. Bg2 O-O 6. O-O Nc6 7. Nc3 e5 8. h3 Re8 9. Re1 e4 10. Ng5 Bf5 11. g4 h6 12. gxf5 hxg5 13. fxg6 Qd7 14. gxf7+ Kxf7 15. Bxg5 Qf5 16. h4 Ng4 17. f3 Bxd4+ 18. e3 exf3 19. Qxf3 Nxe3 20. Qh5+ Qg6 21. Qf3+ Qf5 22. Bxe3 Qxf3 23. Bxf3 Rxe3 24. Rxe3 Bxe3+ 25. Kh2 Kf6 26. Nd5+ Ke5 27. Nxe3 Kf4 28. Bxc6 bxc6 29. Ng2+ Kg4 30. b3 Re8 31. Rf1 Re2 32. Rf4+ Kh5 33. Rf7 Rxa2 34. Rxc7 Rb2 35. Rxc6 Rxb3 36. Rxd6 Rc3 37. Rd5+ Kg4 38. Rg5+ Kf3 39. Rg3+ 1-0


[Site "https://www.chess.com"]

[Event "Titled Tuesday Blitz February 21 Late 2023"]
[White "Manelyuk, Daniil"]
[Black "Fernandez Siles, Luis"]
[WhiteFideId "44173920"]
[BlackFideId "2209420"]
[WhiteElo "2302"]
[BlackElo "2218"]
[Result "0-1"]
[Round "01"]
[TimeControl "180+2"]
[Date "2023.02.21"]
[WhiteClock "0:00:16"]
[BlackClock "0:00:15"]

1. e4 c5 2. Nf3 Nc6 3. d4 cxd4 4. Nxd4 Nf6 5. Nc3 e5 6. Ndb5 d6 7. Bg5 a6 8. Na3 b5 9. Nd5 Be7 10. Bxf6 Bxf6 11. c3 O-O 12. Nc2 Rb8 13. Bd3 Bg5 14. O-O Be6 15. Nce3 Ne7 16. Qc2 Bxd5 17. Nxd5 Nxd5 18. exd5 g6 19. a4 Qb6 20. axb5 axb5 21. Qb3 f5 22. Kh1 e4 23. Bc2 b4 24. c4 Bf6 25. f3 e3 26. Rfe1 f4 27. Rad1 Qc5 28. Bd3 Qd4 29. Re2 Qe5 30. Qa4 b3 31. c5 dxc5 32. d6 Kg7 33. Bc4 Rbd8 34. Qa7+ Kh8 35. d7 Qf5 36. Bxb3 Bd4 37. Ba4 Rf7 38. Qc7 Rfxd7 39. Bxd7 Qxd7 40. Qxd7 Rxd7 41. g3 g5 42. Kg2 Rb7 43. Rc1 Rxb2 44. Rxb2 Bxb2 45. Rxc5 Bd4 46. Rc8+ Kg7 47. Rd8 e2 48. Re8 Be3 49. gxf4 e1=Q 50. fxg5 Qf2+ 51. Kh3 Qxf3+ 52. Kh4 Bf2# 0-1


[Site "https://www.chess.com"]

[Event "Titled Tuesday Blitz February 21 Late 2023"]
[White "Cueto, Jonny"]
[Black "Jeet, Jain"]
[WhiteFideId "3300145"]
[BlackFideId "5073022"]
[WhiteElo "2122"]
[BlackElo "2199"]
[Result "0-1"]
[Round "01"]
[TimeControl "180+2"]
[Date "2023.02.21"]
[WhiteClock "0:00:31"]
[BlackClock "0:01:48"]

1. d4 e6 2. Nf3 c5 3. g3 cxd4 4. Nxd4 Nc6 5. Bg2 Nf6 6. O-O Qb6 7. Nxc6 bxc6 8. Nc3 d5 9. Rb1 Be7 10. e4 O-O 11. Re1 Bb4 12. Bg5 Nd7 13. exd5 cxd5 14. Qh5 Rb8 15. Re2 Bxc3 16. Rd1 Bf6 0-1


[Site "https://www.chess.com"]

[Event "Titled Tuesday Blitz February 21 Late 2023"]
[White "Sielecki, Christof"]
[Black "Buscar, Michael"]
[WhiteFideId "4620437"]
[BlackFideId "2603616"]
[WhiteElo "2419"]
[BlackElo "2041"]
[Result "1-0"]
[Round "01"]
[TimeControl "180+2"]
[Date "2023.02.21"]
[WhiteClock "0:01:04"]
[BlackClock "0:01:51"]

1. e4 e5 2. Nf3 Nc6 3. Bb5 Nf6 4. d3 Bc5 5. Bxc6 dxc6 6. Nbd2 O-O 7. Nc4 Bg4 8. Ncxe5 Re8 9. Nxg4 Nxg4 10. O-O Nxf2 11. Rxf2 Bxf2+ 12. Kxf2 Qf6 13. Kg1 h6 14. Qd2 Rad8 15. Qf4 Qe7 16. Be3 Qb4 17. b3 Rd6 18. e5 Qc3 19. Bd4 Rxd4 20. Qxd4 Qxc2 21. h3 c5 22. Qc4 Qe2 23. Rf1 Rd8 24. Qxc5 Rxd3 25. Qxc7 Qxa2 26. Qc8+ 1-0


[Site "https://www.chess.com"]

[Event "Titled Tuesday Blitz February 21 Late 2023"]
[White "Arvelo Leo, Gian Carlo"]
[Black "Maltsevskaya, Aleksandra"]
[WhiteFideId "6402720"]
[BlackFideId "24174041"]
[WhiteElo "2075"]
[BlackElo "2390"]
[Result "0-1"]
[Round "01"]
[TimeControl "180+2"]
[Date "2023.02.21"]
[WhiteClock "0:00:16"]
[BlackClock "0:00:43"]

1. Nf3 c5 2. c4 Nc6 3. Nc3 Nf6 4. g3 g6 5. Bg2 Bg7 6. O-O O-O 7. d3 a6 8. a3 Rb8 9. Rb1 b5 10. cxb5 axb5 11. b4 cxb4 12. axb4 d6 13. Bd2 Be6 14. Qc2 Nd5 15. Nxd5 Bxd5 16. e4 Rc8 17. exd5 Nxb4 18. Qb3 Na6 19. d4 b4 20. Rfc1 Qb6 21. Be3 Rxc1+ 22. Rxc1 Nc7 23. Rc6 Qa5 24. Nd2 Nb5 25. Nc4 Qa1+ 26. Bf1 Nxd4 27. Bxd4 Bxd4 28. Qxb4 Ra8 29. Nb6 Ra2 30. Rc8+ Kg7 31. Rc1 Bxf2+ 32. Kg2 Qxc1 0-1


[Site "https://www.chess.com"]

[Event "Titled Tuesday Blitz February 21 Late 2023"]
[White "Moral Garcia, Serafin"]
[Black "Ward, Ieuan C"]
[WhiteFideId "2201925"]
[BlackFideId "406627"]
[WhiteElo "2238"]
[BlackElo "2028"]
[Result "0-1"]
[Round "01"]
[TimeControl "180+2"]
[Date "2023.02.21"]
[WhiteClock "0:00:34"]
[BlackClock "0:00:15"]

1. Nf3 Nf6 2. b3 e6 3. Bb2 d5 4. c4 Be7 5. e3 O-O 6. Nc3 c5 7. cxd5 Nxd5 8. Qc2 Nc6 9. a3 b6 10. Bd3 h6 11. Be4 Bb7 12. h4 Nxc3 13. Bxc3 Bf6 14. g4 Bxc3 15. Qxc3 f5 16. gxf5 exf5 17. Bd3 Qf6 18. Rg1 Qxc3 19. dxc3 Na5 20. Nd2 Rad8 21. Ke2 f4 22. e4 Rfe8 23. f3 Re7 24. Bc2 Red7 25. Rad1 Ba6+ 26. c4 b5 27. cxb5 Bxb5+ 28. Ke1 c4 29. b4 Nc6 30. Rg2 Nd4 31. Bb1 Nxf3+ 32. Nxf3 Rxd1+ 33. Ke2 Rxb1 34. Rg4 c3+ 0-1


[Site "https://www.chess.com"]

[Event "Titled Tuesday Blitz February 21 Late 2023"]
[White "Stavri, Gligor"]
[Black "Djokic, Mihailo"]
[WhiteFideId "4706013"]
[BlackFideId "976440"]
[WhiteElo "1867"]
[BlackElo "2192"]
[Result "1-0"]
[Round "01"]
[TimeControl "180+2"]
[Date "2023.02.21"]
[WhiteClock "0:00:10"]
[BlackClock "0:00:02"]

1. d4 Nf6 2. c4 g6 3. Nc3 Bg7 4. e4 d6 5. h3 O-O 6. Be3 Na6 7. g4 e5 8. d5 h5 9. f3 Nc5 10. Qd2 Kh7 11. O-O-O a5 12. Nge2 Bd7 13. Kb1 a4 14. Rg1 a3 15. b3 Qe7 16. Bg5 Rh8 17. gxh5 gxh5 18. Ng3 Kg8 19. Be2 h4 20. Nf5 Bxf5 21. exf5 Kf8 22. Rg2 Qd7 23. Qc2 Nh5 24. Rdg1 Bf6 25. b4 Na6 26. b5 Nc5 27. Bxf6 Nxf6 28. Ne4 Qxf5 29. Rg5 Qf4 30. Nxc5 dxc5 31. Rf5 Qd4 32. Rd1 Qe3 33. Rxf6 Rg8 34. Qd3 Qf2 35. Qf5 Rg7 36. Qe4 Ra4 37. d6 cxd6 38. Rfxd6 Rb4+ 39. Ka1 Rg5 40. Rd8+ Kg7 41. R8d2 Qh2 42. Bd3 Qxd2 43. Rxd2 Rg1+ 44. Bb1 Rgxb1+ 45. Qxb1 Rxb1+ 46. Kxb1 Kf6 47. Kc2 e4 48. fxe4 Ke5 49. Kd3 Kf4 50. Rg2 Kf3 51. Rg4 f5 52. exf5 1-0


[Site "https://www.chess.com"]

[Event "Titled Tuesday Blitz February 21 Late 2023"]
[White "Shapiro, Viktor"]
[Black "Zampronha, Wladimir Camilo"]
[WhiteFideId "4175700"]
[BlackFideId "2103087"]
[WhiteElo "2192"]
[BlackElo "2176"]
[Result "1-0"]
[Round "01"]
[TimeControl "180+2"]
[Date "2023.02.21"]
[WhiteClock "0:00:47"]
[BlackClock "0:00:11"]

1. c4 c6 2. d4 d5 3. Nf3 Nf6 4. Nc3 e6 5. Bg5 Nbd7 6. e3 Bd6 7. Qc2 O-O 8. g4 Qc7 9. Bxf6 Nxf6 10. g5 Nd7 11. Bd3 f5 12. cxd5 exd5 13. Bxf5 g6 14. Bxg6 hxg6 15. Qxg6+ Kh8 16. O-O-O Rxf3 17. Qh5+ Kg7 18. Qxf3 Qd8 19. h4 Qf8 20. Qe2 Nb6 21. h5 Qf5 22. f3 Bd7 23. e4 Qf4+ 24. Kb1 Rf8 25. e5 Bb4 26. Rdf1 Nc4 27. e6 Qf5+ 28. Ka1 Qxe6 29. Qh2 Bxc3 30. bxc3 Qe3 31. Rc1 Qd2 32. g6 Qxh2 33. Rxh2 Kh6 34. Rg1 Rg8 35. f4 Bf5 36. Rg5 Nd6 37. Re2 Be4 38. Kb2 Nf5 39. Rxe4 dxe4 40. Rxf5 e3 41. Re5 Rf8 42. Rxe3 Rxf4 43. Rg3 Rf8 44. Rh3 1-0


[Site "https://www.chess.com"]

[Event "Titled Tuesday Blitz February 21 Late 2023"]
[White "Comas Fabrego, Lluis"]
[Black "Vovk, Orest"]
[WhiteFideId "2200325"]
[BlackFideId "14113490"]
[WhiteElo "2424"]
[BlackElo "2315"]
[Result "0-1"]
[Round "01"]
[TimeControl "180+2"]
[Date "2023.02.21"]
[WhiteClock "0:00:03"]
[BlackClock "0:00:36"]

1. Nf3 h6 2. d4 g5 3. h3 Bg7 4. e4 c5 5. Nc3 cxd4 6. Nxd4 Nc6 7. Be3 d6 8. Be2 Nf6 9. Qd2 Qa5 10. Nb3 Qe5 11. Rd1 Nxe4 12. Nxe4 Qxe4 13. Bf3 Qe5 14. c3 O-O 15. Nd4 Nxd4 16. cxd4 Qb5 17. Be2 Qd5 18. Bf3 Qxa2 19. Kf1 Bf5 20. g4 Bg6 21. h4 Rac8 22. Rc1 Rxc1+ 23. Qxc1 Qb1 24. Qxb1 Bxb1 25. hxg5 hxg5 26. Bxg5 Bxd4 27. Bxe7 Rc8 28. Bxd6 Rc2 29. Rh2 Rxb2 30. g5 a5 31. Bd5 Bg6 32. Rh4 Bd3+ 33. Kg2 Bxf2 0-1


[Site "https://www.chess.com"]

[Event "Titled Tuesday Blitz February 21 Late 2023"]
[White "Aggelis, Nikolaos"]
[Black "Chabris, Christopher"]
[WhiteFideId "4213220"]
[BlackFideId "2005263"]
[WhiteElo "2270"]
[BlackElo "2053"]
[Result "1-0"]
[Round "01"]
[TimeControl "180+2"]
[Date "2023.02.21"]
[WhiteClock "0:01:25"]
[BlackClock "0:00:01"]

1. d4 Nf6 2. g3 e6 3. Bg2 d5 4. Nf3 b5 5. O-O Bb7 6. b3 Be7 7. c4 bxc4 8. bxc4 dxc4 9. Na3 O-O 10. Nxc4 c5 11. dxc5 Bxc5 12. Nfe5 Qe7 13. Rb1 Bd5 14. Qa4 a5 15. Nd3 Ba7 16. Ba3 Qe8 17. Qc2 Qc8 18. Bxf8 Bxc4 19. Bxa8 e5 20. Nxe5 Qh3 21. Qxc4 1-0


[Site "https://www.chess.com"]

[Event "Titled Tuesday Blitz February 21 Late 2023"]
[White "Huang, Alex"]
[Black "Kourkoulos-Arditis, Stamatis"]
[WhiteFideId "4302508"]
[BlackFideId "4221990"]
[WhiteElo "2009"]
[BlackElo "2539"]
[Result "0-1"]
[Round "01"]
[TimeControl "180+2"]
[Date "2023.02.21"]
[WhiteClock "0:00:23"]
[BlackClock "0:01:31"]

1. d4 c5 2. d5 Nf6 3. Nc3 g6 4. e4 d6 5. Nf3 Bg7 6. a4 O-O 7. h3 e6 8. Be2 exd5 9. exd5 Bf5 10. O-O Ne4 11. Nxe4 Bxe4 12. c3 Re8 13. Re1 Bxf3 14. Bxf3 Rxe1+ 15. Qxe1 Nd7 16. Bf4 Ne5 17. Be2 Qh4 18. Bg3 Qe4 19. Qd2 Re8 20. Bb5 Re7 21. Re1 Qxe1+ 22. Qxe1 Nf3+ 23. gxf3 Rxe1+ 24. Kg2 Be5 25. f4 Bf6 26. Bc4 Rb1 27. b3 Bxc3 28. Bh4 Kf8 29. Bb5 Rxb3 30. Bd8 a6 31. Bc4 Rb4 32. Bd3 Rxa4 33. Kf3 b5 34. Bc7 Ke7 35. Bb6 f5 0-1


[Site "https://www.chess.com"]

[Event "Titled Tuesday Blitz February 21 Late 2023"]
[White "Krishnan, Varun"]
[Black "Bach, Matthias"]
[WhiteFideId "5054508"]
[BlackFideId "4603168"]
[WhiteElo "2341"]
[BlackElo "2214"]
[Result "1-0"]
[Round "01"]
[TimeControl "180+2"]
[Date "2023.02.21"]
[WhiteClock "0:00:27"]
[BlackClock "0:01:11"]

1. d4 Nf6 2. c4 c5 3. Nf3 cxd4 4. Nxd4 e5 5. Nb5 d5 6. cxd5 a6 7. N5c3 Bc5 8. a4 e4 9. Bf4 O-O 10. e3 Bf5 11. Bc4 Nbd7 12. O-O Rc8 13. Bb3 Re8 14. Nd2 Ne5 15. Bxe5 Rxe5 16. Nc4 Re8 17. a5 Bd6 18. h3 Rxc4 19. Bxc4 Nd7 20. Ne2 Qh4 21. Ng3 Bxh3 22. gxh3 Bxg3 23. Qg4 Ne5 24. Qxh4 Bxh4 25. Be2 Rd8 26. Rfd1 f5 27. Rac1 g5 28. d6 f4 29. Bg4 Nd3 30. Rc8 1-0


[Site "https://www.chess.com"]

[Event "Titled Tuesday Blitz February 21 Late 2023"]
[White "Herbst, Richard"]
[Black "Danielyan, Vahe"]
[WhiteFideId "2041251"]
[BlackFideId "13304828"]
[WhiteElo "2120"]
[BlackElo "2346"]
[Result "1-0"]
[Round "01"]
[TimeControl "180+2"]
[Date "2023.02.21"]
[WhiteClock "0:01:11"]
[BlackClock "0:00:02"]

1. e4 c6 2. Nc3 d5 3. Nf3 Bg4 4. h3 Bxf3 5. Qxf3 e6 6. d3 Nd7 7. g3 Bb4 8. Bd2 Ne7 9. a3 Ba5 10. Bg2 O-O 11. Qe2 d4 12. Nd1 Bc7 13. f4 f5 14. Nf2 h6 15. O-O Nf6 16. c3 Bb6 17. c4 a5 18. e5 Nd7 19. b4 Qe8 20. Rfc1 Qg6 21. Kh2 Kh7 22. Bf3 Qf7 23. Qf1 Bc7 24. Qg2 g5 25. Qf1 Rg8 26. Qe2 Rg7 27. Bh5 Qg8 28. Rg1 Rf8 29. Raf1 axb4 30. axb4 b5 31. Ra1 bxc4 32. dxc4 Ng6 33. Nd3 gxf4 34. gxf4 Nh4 35. Rxg7+ Qxg7 36. Ra7 Rg8 37. Qf2 Qg2+ 38. Qxg2 Rxg2+ 39. Kh1 Rxd2 40. Rxc7 Rxd3 41. Rxd7+ Kh8 42. Rd6 Rxh3+ 43. Kg1 Rb3 44. Rxe6 d3 45. Rxh6+ Kg7 46. Rxc6 Rxb4 47. Kf2 Rb2+ 48. Ke3 Ng2+ 49. Kxd3 Nxf4+ 50. Kc3 Rb1 51. Bf3 Rc1+ 52. Kd4 Rf1 53. Bd5 Ng6 54. Rc7+ Kh6 55. e6 Re1 56. c5 f4 57. c6 Nh4 58. Rf7 Kg5 59. c7 1-0


[Site "https://www.chess.com"]

[Event "Titled Tuesday Blitz February 21 Late 2023"]
[White "Ballester Llagaria, Luis Eduardo"]
[Black "Ardila, Oscar Humberto"]
[WhiteFideId "2297620"]
[BlackFideId "4404742"]
[WhiteElo "2298"]
[BlackElo "1982"]
[Result "1-0"]
[Round "01"]
[TimeControl "180+2"]
[Date "2023.02.21"]
[WhiteClock "0:00:12"]
[BlackClock "0:00:02"]

1. e4 e5 2. Nf3 Nf6 3. d4 Nxe4 4. Bd3 d5 5. Nxe5 Nf6 6. O-O Be7 7. Nd2 O-O 8. Ndf3 Nbd7 9. h3 Re8 10. c3 Nf8 11. Ng5 Be6 12. f4 h6 13. f5 hxg5 14. fxe6 Nxe6 15. Bf5 Nf4 16. Bxf4 gxf4 17. Rxf4 Bd6 18. Qe2 c5 19. Re1 cxd4 20. cxd4 Qb6 21. Qf2 Re7 22. Bb1 Rae8 23. Rf5 Bxe5 24. dxe5 Qxf2+ 25. Kxf2 Nd7 26. Rd1 Rxe5 27. Rxd5 Re2+ 28. Kg3 Nf6 29. Rb5 b6 30. Kh2 Re1 31. Bc2 R1e2 32. Bb3 Rd8 33. Rbe5 Rxe5 34. Rxe5 Kf8 35. Re2 g6 36. Rc2 Rd7 37. a3 Ne4 38. Re2 Nc5 39. Bc4 Kg7 40. Rf2 Re7 41. Rd2 Ne4 42. Re2 f5 43. Bd5 Kf6 44. h4 Ke5 45. Bb3 Kf4 46. Bc2 Re5 47. g3+ Kf3 48. Bd1 Re7 49. b4 f4 50. Rg2+ Ke3 51. gxf4 Kxf4 52. Bc2 Nc3 53. Bxg6 Re2 54. h5 1-0


[Site "https://www.chess.com"]

[Event "Titled Tuesday Blitz February 21 Late 2023"]
[White "De Souza, Cristiano Gomes"]
[Black "Richter, Paul"]
[WhiteFideId "2151758"]
[BlackFideId "2046350"]
[WhiteElo "2018"]
[BlackElo "2171"]
[Result "0-1"]
[Round "01"]
[TimeControl "180+2"]
[Date "2023.02.21"]
[WhiteClock "0:00:18"]
[BlackClock "0:00:13"]

1. d4 Nf6 2. c4 g6 3. Nf3 Bg7 4. Nc3 O-O 5. e4 d6 6. Be2 Na6 7. O-O e5 8. d5 Nc5 9. Nd2 a5 10. b3 Bh6 11. Qc2 Bd7 12. Rb1 Ne8 13. a3 f5 14. b4 axb4 15. axb4 Bxd2 16. Bxd2 Nxe4 17. Nxe4 fxe4 18. Be3 Nf6 19. h3 Qe7 20. Ra1 b6 21. Kh2 Kg7 22. Bg5 Bf5 23. Bxf6+ Qxf6 24. g4 Bd7 25. Rxa8 Rxa8 26. Qxe4 Ra2 27. Kg3 g5 28. Bd3 Qf4+ 29. Qxf4 exf4+ 30. Kf3 h6 31. Rc1 Ra3 32. Ke2 Ra2+ 33. Rc2 Rxc2+ 34. Bxc2 Kf6 35. Be4 Ke5 36. Kd3 b5 37. c5 dxc5 38. bxc5 b4 39. c6 Bc8 40. f3 Ba6+ 41. Kc2 Kd4 42. Kb3 Kc5 43. Kb2 Bc4 44. d6 Kxd6 45. Kc2 Kc5 46. Kb2 Bd5 47. Bxd5 Kxd5 48. Kb3 Kc5 49. Ka4 Kc4 50. Ka5 b3 51. Ka6 Kd5 52. Kb7 Kd6 0-1


[Site "https://www.chess.com"]